Map: Acid Plant LE

Players

Scarlett

  • Race: Zerg Zerg
  • League: Master
  • Spawn Location: 5:00

Nerchio - Winner!

  • Race: Zerg Zerg
  • Spawn Location: 11:00

Event: WESG 2017 Haikou

VOD

Have the link to the VOD?

Description

Time

  • Played on: March 16, 2018, 5:19 a.m.
  • Length: 7:29

All games in this series

Show
View Real Time Build Order
Export as new Build Order

Scarlett Zerg 

Build Orders: Hatch First 

Get SALT Encoding   

  12  0:00  Drone  
  13  0:12  Overlord  
  13  0:17  Drone  
  14  0:31  Drone x2  
  14  0:34  Drone  
  17  0:51  Hatchery  
  17  0:54  Drone  
  17  0:57  Drone  
  18  1:04  Extractor  
  17  1:12  Spawning Pool  
  17  1:15  Drone  
  17  1:18  Drone  
  18  1:28  Drone  
  19  1:39  Drone  
  20  1:49  Overlord  
  20  1:59  Queen  
  22  2:02  Queen  
  22  2:03  Drone x2  
  22  2:05  Metabolic Boost  
  26  2:11  Drone  
  26  2:13  Drone  
  28  2:21  Drone  
  29  2:24  Drone  
  30  2:32  Zergling x2  
  30  2:34  Queen  
  33  2:43  Hatchery  
  32  2:51  Baneling Nest  
  32  2:52  Overlord  
  31  2:58  Drone x2  
  31  3:00  Drone  
  31  3:02  Drone  
  35  3:06  Drone  
  37  3:12  Zergling x2  
  37  3:14  Drone x2  
  39  3:24  Queen  
  39  3:25  Overlord  
  41  3:31  Drone x3  
  44  3:35  Baneling x2  
  44  3:40  Overlord  
  44  3:44  Drone  
  44  3:45  Drone x3  
  44  3:46  Evolution Chamber, Zergling x2  
  48  3:49  Zergling x2  
  48  3:51  Drone  
  50  4:00  Baneling  
  50  4:01  Zergling x2  
  50  4:02  Drone x3  
  54  4:03  Extractor  
  54  4:06  Roach Warren  
  54  4:08  Drone x2  
  54  4:12  Zerg Missile Weapons Level 1  
  54  4:13  Drone  
  55  4:21  Extractor, Drone x3  
  55  4:24  Overlord  
  57  4:28  Drone x4  
  56  4:46  Roach x2, Zergling x2  
  56  4:47  Drone  
  56  4:48  Drone x4  
  56  4:50  Lair  
  66  5:00  Roach  
  66  5:01  Drone, Roach, Overlord  
  66  5:02  Drone x3  
  74  5:11  Extractor  
  74  5:12  Extractor, Overlord  
  72  5:16  Drone x2  
  74  5:22  Overlord  
  74  5:23  Drone x6  
  80  5:28  Drone x2  
  80  5:30  Overlord  
  80  5:33  Extractor  
  81  5:37  Drone x6  
  81  5:41  Roach x2  
  91  5:47  Overlord  
  93  5:50  Roach  
  93  5:53  Roach  
  93  5:56  Roach  
  93  5:57  Roach x5  
  106  6:07  Roach x4  
  112  6:14  Queen x2  
  110  6:18  Roach  
  110  6:19  Roach  
  110  6:20  Roach  
  110  6:21  Roach  
  110  6:22  Queen  
  97  6:33  Roach x2  
  97  6:34  Roach x7  
  104  6:42  Roach x2  
  104  6:46  Roach x2  
  105  6:52  Queen x2  
  105  6:54  Roach x3  
  99  6:56  Roach x2  
  99  7:00  Roach  
  89  7:06  Roach x2  
  89  7:07  Roach  
Show
View Real Time Build Order
Export as new Build Order

Nerchio Zerg - Winner!

Build Orders: Hatch First 

Get SALT Encoding   

  12  0:00  Drone  
  13  0:12  Overlord  
  13  0:16  Drone  
  14  0:30  Drone x2  
  14  0:34  Drone  
  17  0:51  Hatchery  
  17  0:55  Drone  
  17  0:58  Drone  
  18  1:09  Extractor  
  17  1:14  Spawning Pool  
  17  1:17  Drone  
  17  1:21  Drone  
  18  1:28  Drone  
  19  1:41  Overlord  
  19  1:50  Drone  
  20  2:01  Queen  
  20  2:03  Queen  
  20  2:06  Drone x2  
  26  2:10  Metabolic Boost  
  26  2:11  Drone  
  26  2:15  Drone  
  28  2:21  Drone  
  29  2:27  Drone  
  30  2:39  Drone, Hatchery  
  30  2:41  Zergling x2  
  31  2:47  Queen  
  33  2:52  Baneling Nest  
  33  2:57  Overlord  
  32  3:00  Drone  
  32  3:01  Drone  
  32  3:03  Drone  
  32  3:05  Zergling x2  
  36  3:16  Zergling x4  
  36  3:17  Drone  
  36  3:18  Drone x2  
  41  3:22  Overlord  
  41  3:30  Drone x3  
  43  3:40  Drone, Evolution Chamber  
  43  3:42  Drone x3  
  43  3:43  Drone  
  43  3:45  Drone  
  48  3:48  Overlord  
  48  3:50  Baneling  
  48  3:51  Drone  
  48  3:53  Extractor  
  48  3:55  Lair  
  48  4:00  Drone x2  
  48  4:01  Drone  
  51  4:03  Drone  
  51  4:06  Extractor  
  51  4:09  Roach Warren  
  50  4:10  Drone  
  50  4:12  Drone  
  52  4:18  Zerg Missile Weapons Level 1  
  52  4:19  Drone x2  
  52  4:20  Drone  
  52  4:22  Zergling x2  
  52  4:24  Zergling x4  
  56  4:27  Zergling x2  
  56  4:30  Baneling  
  56  4:31  Baneling  
  58  4:33  Overlord  
  57  4:39  Zergling x4  
  57  4:42  Drone x4  
  57  4:44  Drone  
  57  4:45  Drone x2  
  65  4:48  Drone  
  65  4:53  Glial Reconstitution  
  65  4:54  Roach x2  
  65  4:57  Roach  
  65  4:59  Roach  
  73  5:02  Overlord  
  73  5:04  Overlord  
  73  5:08  Overlord  
  73  5:10  Overlord  
  73  5:14  Overseer  
  73  5:20  Roach x4  
  81  5:23  Roach x2  
  81  5:24  Roach  
  81  5:26  Roach  
  81  5:28  Roach  
  91  5:30  Roach  
  91  5:34  Roach  
  95  5:37  Roach  
  95  5:39  Roach  
  95  5:40  Overlord  
  95  5:42  Roach  
  101  5:44  Overlord  
  101  5:45  Overlord  
  101  5:46  Roach  
  101  5:48  Roach  
  105  5:53  Overlord  
  105  5:55  Drone  
  106  5:58  Overlord  
  106  5:59  Drone x3  
  106  6:00  Drone  
  106  6:03  Extractor  
  109  6:06  Zergling x2  
  109  6:07  Zergling x10  
  109  6:08  Zergling x2  
  112  6:13  Zergling x2  
  112  6:17  Zergling x4  
  112  6:18  Zergling x4  
  112  6:19  Roach  
  112  6:25  Roach  
  113  6:28  Roach  
  113  6:30  Roach  
  113  6:34  Roach  
  113  6:35  Roach x2  
  113  6:37  Roach  
  113  6:39  Roach  
  117  6:41  Roach  
  117  6:48  Roach  
  117  6:50  Roach  
  117  6:51  Roach x2  
  117  6:52  Roach  
  123  6:57  Roach  
  123  6:58  Roach  
  121  7:02  Roach  
  121  7:04  Roach  
  121  7:07  Hatchery  
  120  7:08  Roach  
  120  7:10  Drone x2  
  120  7:11  Extractor  
Tags
 
Add a new tag
Caveats
  • Supply blocks, unpowered buildings, or Contaminate may cause inaccurate times.
  • Supply counts are checked every 10 seconds.